 Dungeon Crawl Stone Soup version 0.31-a0-949-g57150269e1 (webtiles) character file.

Game seed: 12964908694832487398

10718 croobank the Sneak (level 11, -23/124 HPs)
             Began as a Demonspawn Fire Elementalist on Oct 22, 2023.
             Was an Initiate of Ashenzari.
             Annihilated by a large abomination (31 damage)
             ... in a Gauntlet.
             The game lasted 00:48:48 (13004 turns).

croobank the Sneak (Demonspawn Fire Elementalist)  Turns: 13004, Time: 00:48:48

Health: -23/124    AC: 10    Str:  9      XL:     11   Next: 39%
Magic:  17/20      EV: 17    Int: 23 (26) God:    Ashenzari [......]
Gold:   148        SH:  0    Dex: 14      Spells: 5/22 levels left

rFire   . . .        P - +6 dagger "Sublime Dogma" {freeze, Elem, Comp} (curse)
rCold   . . .        (no shield)
rNeg    . . .        O - +0 steam dragon scales
rPois   .            (helmet restricted)
rElec   +            B - +3 cloak "Dokap" {+Inv rElec rCorr}
rCorr   +            (no gloves)
SInv    .            s - +0 pair of boots
Will    .....        (no amulet) Stlth
                     g - +6 ring of intelligence
HPRegen 0.40/turn    K - ring of resist corrosion
MPRegen 0.17/turn

%: no teleportation
@: berserking, confusing by touch, very quick
A: horns 2, repulsion field 2, powered by death 1, spiny 1
a: Renounce Religion, Evoke Invisibility, Shatter the Chains


You were in a Gauntlet.
You worshipped Ashenzari.
Ashenzari was noncommittal.
You visited 2 branches of the dungeon, and saw 11 of its levels.
You also visited: Ossuary and Gauntlet.

You collected 620 gold pieces.
You spent 472 gold pieces at shops.

Inventory:

Hand Weapons
 a - a +2 war axe
 j - a +2 antimagic dagger
 o - a +1 long sword
 x - a +3 hand axe
 z - the +1 dagger of the Blowfly {freeze, rElec rF++ Will+ Stlth-}
   (You found it on level 3 of the Dungeon)

   rF++:      It greatly protects you from fire.
   rElec:     It insulates you from electricity.
   Will+:     It increases your willpower.
   Stlth-:    It makes you less stealthy.
 I - a +1 rapier of venom
 P - the cursed +6 dagger "Sublime Dogma" (weapon) {freeze, Elem, Comp}
   (You took it off a wight on level 7 of the Dungeon)

   It has a curse which improves the following skills: Elements: Fire Magic, Ice
   Magic, Air Magic and Earth Magic.
   Companions: Summonings and Necromancy.
Armour
 d - a +3 leather armour of fire resistance
 f - the +1 cloak "Arghilec" {rPois rCorr}
   (You found it in a Gauntlet)

   rPois:     It protects you from poison rCorr: It protects you from acid and
   corrosion.
 q - a +2 cloak of poison resistance
 s - a +0 pair of boots (worn)
 t - a scarf of shadows
 B - the +3 cloak "Dokap" (worn) {+Inv rElec rCorr}
   (You acquired it in an ossuary)

   rElec:     It insulates you from electricity.
   +Inv:      It lets you turn invisible.
   rCorr:     It protects you from acid and corrosion.
 C - a +0 buckler
 O - +0 steam dragon scales (worn)
Magical Staves
 X - a staff of death
Jewellery
 g - a +6 ring of intelligence (left hand)
 i - a ring of positive energy
 m - an amulet of faith
 v - a ring of ice
 D - a ring of poison resistance
 K - a ring of resist corrosion (right hand)
 N - a ring of flight
 Q - a ring of protection from cold
 W - an amulet of reflection
Talismans
 c - a beast talisman
 R - a flux talisman
Wands
 S - a wand of light (3)
Scrolls
 h - 3 scrolls of teleportation
 k - 4 scrolls of noise
 l - 2 scrolls of fog
 r - a scroll of fear
 u - 2 scrolls of torment
 M - 5 scrolls of identify
 U - a scroll of blinking
Potions
 b - 2 potions of heal wounds
 e - 5 potions of mutation
 p - 2 potions of curing
 w - 2 potions of attraction
 A - 5 potions of might
 E - a potion of resistance
 G - a potion of enlightenment
 H - a potion of haste
 V - a potion of ambrosia


   Skills:
 + Level 6.5 Fighting
 - Level 5.0 Short Blades
 + Level 1.4 Armour
 + Level 6.4 Dodging
 + Level 6.9 Stealth
 + Level 6.4 Spellcasting
 - Level 6.3 Conjurations
 - Level 5.0 Hexes
 - Level 6.4(6.8) Fire Magic
 * Level 2.1(2.4) Air Magic


You had 5 spell levels left.
You knew the following spells:

 Your Spells              Type           Power      Damage    Failure   Level
a - Foxfire               Conj/Fire      100%       2x1d9     1%          1
b - Scorch                Fire           78%        2d8       1%          2
c - Inner Flame           Hex/Fire       34%        N/A       2%          3
d - Dazzling Flash        Conj/Hex       66%        N/A       2%          3
e - Confusing Touch       Hex            30%        N/A       3%          3
f - Arcjolt               Conj/Air       13%        1d23      36%         5

Your spell library contained the following spells:

 Spells                   Type           Power      Damage    Failure   Level
 Slow                     Hex            100%       N/A       1%          1
 Sigil of Binding         Hex            30%        N/A       3%          3
 Flame Wave               Conj/Fire      37%        2d10      5%          4
 Volatile Blastmotes      Fire/Tloc      46%        2d13      6%          3
 Passwall                 Tmut/Erth      5%         N/A       12%         2
 Brom's Barrelling Bould  Conj/Erth      22%        2d4       22%         4
 Gell's Gravitas          Tloc           7%         N/A       24%         3
 Teleport Other           Tloc           7%         N/A       24%         3
 Vampiric Draining        Necr           7%         2d6       24%         3
 Anguish                  Hex/Necr       9%         N/A       28%         4
 Vhi's Electric Charge    Tloc/Air       26%        N/A       43%         4
 Silence                  Hex/Air        12%        N/A       43%         5
 Agony                    Necr           7%         N/A       92%         5
 Borgnjor's Vile Clutch   Necr/Erth      3%         N/A       92%         5
 Dispersal                Tloc           3%         N/A       100%        6
 Maxwell's Capacitive Co  Air            9%         ∞         100%        8


Dungeon Overview and Level Annotations

Branches:
Dungeon (12/15)            Temple (1/1) D:5            Lair (0/5) D:9
    Orc (0/2) D:9         Ossuary (visited)         Gauntlet (1/1)

Altars:
Ashenzari
Cheibriados
Dithmenos
Fedhas
Gozag
Hepliaklqana
Kikubaaqudgha
Makhleb
Nemelex Xobeh
Okawaru
Qazlal
Ru
Sif Muna
Trog
Uskayaw
Vehumet
Wu Jian
Xom
Yredelemnul

Shops:
D:5 *   D:7 [   D:9 [(

Annotations:
D:9 Gastronok Gauntlet 8 transporters, 1 runed translucent door


Innate Abilities, Weirdness & Mutations

You have a pair of horns on your head.
You are surrounded by a moderate repulsion field. (EV +3)
You regenerate a little health from kills.
You are partially covered in sharp spines.


Message History

The large abomination hits you.
There is a transporter here.
Casting: Confusing Touch (mildly dangerous; 3% risk of failure)
Confirm with . or Enter, or press ? or * to list all spells.
Your hands begin to glow red.
The large abomination barely misses you.
You hit the large abomination but do no damage.
Your headbutt misses the large abomination.
The large abomination hits you!!
You hit the large abomination but do no damage.
The large abomination hits you!
You hit the large abomination but do no damage.
The large abomination misses you.
You barely miss the large abomination. You barely miss the large abomination.
You headbutt the large abomination, but do no damage.
The large abomination hits you!!
* * * LOW HITPOINT WARNING * * *
Throw: 2 throwing nets
Press: ? - help, Q - select action, (/) - cycle Shift-Dir - straight line, f - large abomination
Aim: a large abomination (chance to confuse on hit: 5%, 78% to hit)
You throw a throwing net.
The throwing net completely misses the large abomination.
The large abomination closely misses you.
Throw: throwing net
Press: ? - help, Q - select action, (/) - cycle Shift-Dir - straight line, f/p - large abomination
Aim: a large abomination (chance to confuse on hit: 5%, 78% to hit)
You throw a throwing net.
The throwing net barely misses the large abomination.
The large abomination closely misses you.
A red film seems to cover your vision as you go berserk!
You feel yourself moving faster!
You feel mighty! The large abomination hits you!
* * * LOW HITPOINT WARNING * * *
You hit the large abomination but do no damage.
You headbutt the large abomination.
The large abomination is lightly damaged.
The large abomination is struck by your spines.
The large abomination hits you!!
You die...

..#©....©....©#....... ..©....
##################.#### #######
..x#..©#.#(......#.##.#. ##.#...
.#X#.###.#..####.#.#.#.#.#.#.#.##
.#x#...#.#.#.^.xx#.##.#.#.##.#...
.#.###.#.#.#^©####.#Y#.#©#.#.####
)#...#.#.#.#.#...#.##Y#.#.##.#...
[###.#+#.#.#.#XX##.#Y#Y#.#Y#.#2##
.}©#...#.#..^#.#@#.##Y#©#Y##.#4[!
########.#########.#########.####
.................................
♣P.P♣...♣..P♣..........P♣P..♣...♣
.............PP...∩...P..........
≈≈≈#≈≈≈#≈≈≈#..♣......P♣..#≈≈≈#≈≈≈
#≈###≈###≈###...........###≈###≈#
### ### ### ############# ### ###
.............


You could see 4 death yaks, 2 large abominations and a small abomination.

Vanquished Creatures
  3 two-headed ogres
  Amaemon (D:9)
  Pikel (D:5)
  An orange demon (D:9)
  A komodo dragon (D:9)
  The ghost of soul19 the Chopper, an amateur DsFi (D:4)
  A hornet (D:9)
  A slime creature (D:12)
  12 yaks
  A wyvern (D:9)
  Eustachio (D:5)
  5 chaos spawn (Gauntlet)
  A neqoxec (Gauntlet)
  3 steam dragons
  Menkaure (Ossuary)
  5 orc warriors
  2 sky beasts
  A black bear (D:7)
  An ice beast (D:7)
  An ogre (D:5)
  2 centaurs
  A phantom (D:4)
  A bullfrog (D:6)
  A gnoll sergeant (D:8)
  6 scorpions
  7 wights (D:7)
  A small abomination (Gauntlet)
  3 howler monkeys (D:7)
  5 centaur zombies (Ossuary)
  3 jellies
  11 orc priests
  4 hounds
  Crazy Yiuf (D:2)
  A centaur skeleton (D:4)
  A gnoll bouda (D:3)
  A sleepcap (D:5)
  Jessica (D:2)
  4 iguanas
  5 orc wizards
  6 mummies (Ossuary)
  A howler monkey zombie (D:4)
  10 gnolls
  9 adders
  3 adder zombies (Ossuary)
  2 worms
  A dart slug (D:5)
  31 orcs
  5 ball pythons
  3 endoplasms
  A giant cockroach (D:3)
  9 goblins
  6 hobgoblins
  2 jackals (D:3)
  6 kobolds
  4 quokkas
  A bat (D:1)
  4 frilled lizards
  2 gnoll zombies (Ossuary)
  3 goblin zombies (Ossuary)
  4 hobgoblin zombies (Ossuary)
  4 kobold zombies (Ossuary)
  4 quokka zombies (Ossuary)
  5 rats
  5 rat zombies (Ossuary)
234 creatures vanquished.

Vanquished Creatures (collateral kills)
  3 foxfires (D:6)
3 creatures vanquished.

Vanquished Creatures (others)
  An orc wizard (D:9)
  465 foxfires
466 creatures vanquished.

Grand Total: 703 creatures vanquished

Notes
Turn   | Place    | Note
-------+----------+-------------------------------------------
     0 | D:1      | croobank the Demonspawn Fire Elementalist began the quest
                  | for the Orb.
     0 | D:1      | Reached XP level 1. HP: 13/13 MP: 3/3
   366 | D:1      | Gained mutation: You have a pair of small horns on your
                  | head. [demonic ancestry]
   366 | D:1      | Reached XP level 2. HP: 12/19 MP: 0/5
   687 | D:1      | Found a faded altar of an unknown god.
   925 | D:1      | Learned a level 2 spell: Scorch
  1097 | D:2      | Reached XP level 3. HP: 20/24 MP: 0/6
  1127 | D:2      | Noticed Jessica
  1266 | D:2      | Killed Jessica
  1267 | D:2      | Gained mutation: You are partially covered in sharp spines.
                  | [demonic ancestry]
  1267 | D:2      | Reached XP level 4. HP: 30/30 MP: 1/7
  1511 | D:2      | Learned a level 3 spell: Inner Flame
  1661 | D:2      | Found a runed translucent door.
  1662 | D:2      | Noticed Crazy Yiuf
  1672 | D:2      | Killed Crazy Yiuf
  2320 | D:3      | Found a shadowy altar of Dithmenos.
  2516 | D:3      | Gained mutation: You are surrounded by a mild repulsion
                  | field. (EV +2) [demonic ancestry]
  2516 | D:3      | Reached XP level 5. HP: 36/36 MP: 5/9
  2602 | D:3      | Found a bloodstained altar of Trog.
  2999 | D:3      | Reached skill level 1 in Fighting
  3156 | D:3      | Identified the +1 dagger of the Blowfly {freeze, rElec rF++
                  | Will+ Stlth-}
  3273 | D:4      | Reached skill level 1 in Hexes
  3283 | D:4      | Identified a scroll of acquirement
  3283 | D:4      | Identified the "Qoggi" (You acquired it on level 4 of the
                  | Dungeon)
  3283 | D:4      | Acquired the Verses on Chthonic Bad Luck
  3403 | D:4      | Gained mutation: You have a pair of horns on your head.
                  | [demonic ancestry]
  3403 | D:4      | Reached XP level 6. HP: 43/43 MP: 6/10
  3407 | D:4      | Found a sand-covered staircase.
  3412 | Ossuary  | Entered an ossuary
  3875 | Ossuary  | Noticed Menkaure
  3894 | Ossuary  | Killed Menkaure
  3895 | Ossuary  | Gained mutation: You are surrounded by a moderate repulsion
                  | field. (EV +3) [demonic ancestry]
  3895 | Ossuary  | Reached XP level 7. HP: 50/50 MP: 2/12
  4108 | Ossuary  | Acquired the +3 cloak "Dokap" {+Inv rElec rCorr}
  5419 | D:3      | Found a basalt altar of Yredelemnul.
  5426 | D:3      | Noticed a profane servitor
  5449 | D:3      | Noticed an angel
  5461 | D:3      | Learned a level 3 spell: Dazzling Flash
  5722 | D:4      | Reached XP level 8. HP: 58/58 MP: 7/13
  5929 | D:4      | Found a runed translucent gate.
  5931 | D:4      | Found a runed translucent gate.
  5931 | D:4      | Found a runed translucent gate.
  5934 | D:4      | Noticed soul19's ghost (amateur DsFi)
  5951 | D:4      | Killed soul19's ghost
  6074 | D:5      | Entered Level 5 of the Dungeon
  6413 | D:5      | Noticed Eustachio
  6420 | D:5      | Killed Eustachio
  6535 | D:5      | Found a staircase to the Ecumenical Temple.
  6566 | Temple   | Entered the Ecumenical Temple
  6739 | D:5      | Noticed Pikel
  6812 | D:6      | Gained mutation: You regenerate a little health from kills.
                  | [demonic ancestry]
  6812 | D:6      | Reached XP level 9. HP: 65/65 MP: 9/15
  6887 | D:6      | Reached skill level 5 in Fire Magic
  7317 | D:5      | Killed Pikel
  7318 | D:5      | Reached skill level 5 in Stealth
  7508 | D:5      | Reached skill level 5 in Conjurations
  7637 | D:5      | Found Jeoliggo's Assorted Antiques.
  7642 | D:5      | Bought a large tourmaline ring for 135 gold pieces
  8064 | D:7      | Found Gezoanec's Antique Armour Shoppe.
  8238 | D:7      | Reached skill level 5 in Dodging
  8238 | D:7      | Reached skill level 5 in Spellcasting
  8675 | D:7      | Reached skill level 5 in Fighting
  8990 | D:7      | Found a sacrificial altar of Ru.
  8994 | D:7      | Found a hide-covered altar of Uskayaw.
  8995 | D:7      | Found an ornate altar of the Wu Jian Council.
  8997 | D:7      | Found a hazy altar of Hepliaklqana.
  8997 | D:7      | Found a shimmering altar of Xom.
  8998 | D:7      | Found a sparkling altar of Nemelex Xobeh.
  9000 | D:7      | Found a blossoming altar of Fedhas.
  9322 | D:8      | Noticed Amaemon
  9322 | D:8      | Noticed an orange demon
  9323 | D:8      | Reached XP level 10. HP: 74/74 MP: 13/18
  9339 | D:9      | Killed Amaemon
  9340 | D:9      | Reached skill level 5 in Hexes
  9971 | D:9      | Killed an orange demon
 10250 | D:8      | Found a radiant altar of Vehumet.
 10584 | D:8      | Noticed a two-headed ogre
 10590 | D:8      | Killed a two-headed ogre
 11051 | D:8      | Reached skill level 1 in Short Blades
 11077 | D:8      | Reached XP level 11. HP: 25/81 MP: 13/20
 11256 | D:8      | Found a broken altar of Ashenzari.
 11299 | D:8      | Became a worshipper of Ashenzari the Shackled
 11385 | D:8      | Learned a level 3 spell: Confusing Touch
 11598 | D:9      | Noticed a two-headed ogre
 11611 | D:9      | Killed a two-headed ogre
 11820 | D:9      | Found a staircase to the Lair.
 11906 | D:9      | Found Symir's Weapon Boutique.
 11906 | D:9      | Noticed Gastronok
 11988 | D:9      | Found Fuagreukh's Armour Boutique.
 11990 | D:9      | Found a staircase to the Orcish Mines.
 12082 | D:9      | Reached skill level 5 in Short Blades
 12088 | D:9      | Learned a level 5 spell: Arcjolt
 12249 | D:9      | Noticed a two-headed ogre
 12257 | D:9      | Killed a two-headed ogre
 12258 | D:9      | Reached skill level 1 in Air Magic
 12411 | D:5      | Bought a potion of heal wounds for 135 gold pieces
 12411 | D:5      | Bought a scroll of enchant weapon for 202 gold pieces
 12581 | D:9      | You fall into a shaft and drop 3 floors!
 12624 | D:12     | Reached skill level 1 in Armour
 12628 | D:12     | Found a gate leading to a gauntlet.
 12639 | Gauntlet | Entered a Gauntlet
 12639 | Gauntlet | Found a transporter.
 12642 | Gauntlet | Found a transporter.
 12644 | Gauntlet | Found a transporter.
 12660 | Gauntlet | Found a transporter.
 12661 | Gauntlet | Found a transporter.
 12670 | Gauntlet | Found a transporter.
 12670 | Gauntlet | Noticed a green death
 12684 | Gauntlet | Noticed a death yak
 12685 | Gauntlet | Noticed a death yak
 12685 | Gauntlet | Noticed a death yak
 12685 | Gauntlet | Noticed a death yak
 12686 | Gauntlet | Found a transporter.
 12686 | Gauntlet | Noticed a necromancer
 12693 | Gauntlet | Found a transporter.
 12703 | Gauntlet | Found a runed translucent door.
 12704 | Gauntlet | Noticed a thrashing horror
 12707 | Gauntlet | Found a transporter.
 12710 | Gauntlet | Found a transporter.
 12710 | Gauntlet | Noticed a thrashing horror
 12712 | Gauntlet | Found a transporter.
 12713 | Gauntlet | Found a transporter.
 12742 | Gauntlet | Found a transporter.
 12978 | Gauntlet | Identified the +1 cloak "Arghilec" {rPois rCorr}
 13004 | Gauntlet | Annihilated by a large abomination

Illustrated notes

Levels and vault maps discovered:
D:1:      lemuel_arrival_funnel, layout_rooms,
          dreamdust_ecumenical_altar_hidden_monk_grotto
D:2:      layout_basic, uniq_jessica, uniq_crazy_yiuf_cottage
D:3:      layout_loops_cross, grunt_temple_overflow_holy_war,
          mainiacjoe_overflow_paths, nicolae_dithmenos_shadow_blocks,
          minmay_quadrilaterals
D:4:      layout_loops_ring, enter_ossuary_2, gammafunk_ghost_necromancy
D:5:      layout_basic, minmay_temple_entry_glass, serial_shops, shop,
          minmay_door_square, uniq_eustachio, uniq_pikel
D:6:      layout_cave_pools, serial_park, serial_park_square2,
          serial_park_square1 [serial_park_minivault_5x5_8], serial_park_tiny_2,
          serial_park_square1 [serial_park_minivault_5x5_7], due_unseen_surprise
D:7:      layout_loops_ring, nicolae_overflow_hallway_of_the_gods, serial_shops,
          nicolae_shop_trees, corner_web_ring, minmay_misc_feat_rows,
          david_defended_altar_orc
D:8:      layout_gridville, vehumet_crystals, evilmike_ruin_ashenzari,
          uniq_amaemon
D:9:      layout_loops_ring, david_lair_shrubbed, orc_david_3, uniq_gastronok
D:12:     layout_loops_ring, gammafunk_ghost_spectres, gauntlet_entry_generic
Temple:   nicolae_temple_cloud_nine
Gauntlet: minmay_gauntlet_77_tree [minmay_gauntlet_arena_77_broken_ladder,
          minmay_gauntlet_arena_77_chump_sandwich,
          minmay_gauntlet_arena_77_braids, minmay_gauntlet_arena_77_two_paths,
          minmay_gauntlet_arena_77_checkered,
          minmay_gauntlet_arena_77_radiant_squares,
          minmay_gauntlet_arena_77_path, nicolae_gauntlet_exit_dead_adventurers]

Skill      XL: |  1  2  3  4  5  6  7  8  9 10 11 |
---------------+----------------------------------+-----
Stealth        | 2 3 4 5 6 |  6.9
Dodging        | 2 3 4 5 6 |  6.4
Fire Magic     | 3 4 5 6 |  6.4
Conjurations   | 2 3 4 5 6 |  6.3
Fighting       | 1 2 3 4 5 6 |  6.5
Hexes          | 1 2 3 4 5 |  5.0
Spellcasting   | 3 4 5 6 |  6.4
Short Blades   | 3 5 |  5.0
Air Magic      | 2 |  2.1
Armour         | 1 |  1.4

Action                     |  1- 3 |  4- 6 |  7- 9 | 10-12 || total
---------------------------+-------+-------+-------+-------++-------
  Melee: Unarmed           |     8 |       |       |       ||     8
         Dagger            |     8 |    45 |    79 |   164 ||   296
         Headbutt          |     2 |     9 |    15 |    28 ||    54
         Punch             |       |     1 |       |     2 ||     3
  Throw: Throwing net      |       |       |       |     2 ||     2
   Cast: Foxfire           |    44 |    55 |    99 |    72 ||   270
         Scorch            |     5 |    36 |    93 |    50 ||   184
         Inner Flame       |       |     2 |       |       ||     2
         Dazzling Flash    |       |       |     7 |     7 ||    14
         Confusing Touch   |       |       |       |     6 ||     6
         Arcjolt           |       |       |       |     1 ||     1
 Invoke: Curse Item        |       |       |       |     1 ||     1
  Evoke: Wand              |       |       |       |     5 ||     5
    Use: Potion            |     1 |       |     2 |     6 ||     9
         Scroll            |       |     7 |    16 |     5 ||    28
   Stab: Sleeping          |       |     2 |     4 |     1 ||     7
         Distracted        |       |       |     1 |       ||     1
         Invisible         |       |       |     4 |     3 ||     7
         Confused          |       |       |       |     1 ||     1
 Armour: Robe              |     8 |    38 |    51 |       ||    97
         Steam dragon scal |       |       |     6 |    98 ||   104
  Dodge: Dodged            |    13 |    56 |   103 |   152 ||   324

Table legend: (Time is in decaauts)
 A = Elapsed time spent in this place.
 B = Non-inter-level travel time spent in this place.
 C = Inter-level travel time spent in this place.
 D = Time resting spent in this place.
 E = Time spent auto-exploring this place.
 F = Levels seen in this place.
 G = Mean time per level.
                   A        B        C        D        E       F      G
               +--------+--------+--------+--------+--------+-----+--------+
         Total |  12998 |  12551 |    447 |   3412 |   6491 |  13 |  999.8 |
       Dungeon |  11423 |  10977 |    446 |   2902 |   5959 |  10 | 1142.3 |
        Temple |      1 |      0 |      1 |      0 |      0 |   1 |    1.0 |
       Ossuary |   1220 |   1220 |      0 |    395 |    532 |   1 | 1220.0 |
      Gauntlet |    352 |    352 |      0 |    115 |      0 |   1 |  352.0 |
               +--------+--------+--------+--------+--------+-----+--------+

Top non-repeatable levels by time:
     D:9: 1780 daAuts
     D:3: 1502 daAuts
     D:8: 1357 daAuts
     D:7: 1319 daAuts
     D:5: 1287 daAuts
 Ossuary: 1220 daAuts
     D:2: 1212 daAuts
     D:4: 1203 daAuts
     D:1: 947 daAuts
     D:6: 757 daAuts
Gauntlet: 352 daAuts
    D:12: 55 daAuts
  Temple: 1 daAuts
